AoeStats
← unhappy

Arena

510774591Analyzed
4v4 RM · 8h ago on Oct 2, 2026· 46m 50s· 8 players
Game mode
Random Map
Map size
Large (8 player)
Population
200
Speed
Normal
Resources
Standard
Victory
Conquest
Starting age
Dark Age
Ending age
Imperial Age
RankedLock teamsTeams togetherTeam positionsShared explorationLock speedFull tech treeHidden civsTurbo modeCheats
Victory
Defeat
🇮🇳 Malay · India
1542
+11
🇮🇹 Bohemians · Italy
1521
+12
🇹🇷 Koreans · Türkiye
1491
+13
🇨🇳 Britons · China
1489
+15
🇨🇳 Danes · China
1533
-16
🇨🇳 Magyars · China
1490
-14
🇦🇺 Chinese · Australia
1433
-13
🇨🇳 Khmer · China
1296
-8
GdR(-)_Pier1204
10:50 Feudal Age
12:38 Double-Bit Axe
12:35 Horse Collar
15:20 Castle Age
15:50 Wheelbarrow
16:26 Bow Saw
16:52 Heavy Plow
20:11 Loom
22:26 Fervor
23:38 Hand Cart
25:24 Scale Mail Armor
25:35 Forging
28:09 Imperial Age
26:42 Chemistry
26:21 Chain Mail Armor
27:39 Iron Casting
27:12 Squires
27:17 Pikeman
28:33 Halberdier
29:56 Conscription
31:08 Plate Mail Armor
31:39 Blast Furnace
32:23 Two-Man Saw
32:21 Wagenburg Tactics
33:35 Siege Engineers
32:55 Houfnice
34:42 Masonry
36:01 Fletching
37:30 Caravan
38:02 Coinage
37:42 Guilds
37:29 Bodkin Arrow
37:36 Padded Archer Armor
40:44 Bracer
43:40 Leather Archer Armor
Apep
11:34 Feudal Age
12:08 Horse Collar
12:29 Double-Bit Axe
15:10 Castle Age
16:26 Bow Saw
18:03 Wheelbarrow
20:12 Gold Mining
21:40 Stone Mining
27:15 Imperial Age
24:47 Fletching
25:32 Bodkin Arrow
26:12 Ballistics
26:19 Forging
28:01 Bracer
29:03 Chemistry
28:56 Conscription
29:38 Hand Cart
29:25 Elite War Wagon
30:45 Husbandry
30:54 Thumb Ring
31:27 Elite Skirmisher
35:25 Heavy Rocket Cart
37:04 Siege Engineers
39:34 Eupseong
39:23 Arrowslits
40:53 Treadmill Crane
41:23 Masonry
41:55 Loom
41:39 Elite Fire Lancer
43:20 Architecture
44:12 Two-Man Saw
43:13 Heavy Plow
42:59 Town Watch
43:19 Squires
45:19 Scale Mail Armor
47:18 Iron Casting
Dark_Shelly
10:19 Feudal Age
10:53 Double-Bit Axe
15:31 Castle Age
14:18 Horse Collar
15:49 Wheelbarrow
15:35 Bow Saw
18:55 Loom
22:24 Hand Cart
25:11 Imperial Age
24:33 Forging
30:24 Iron Casting
30:24 Capped Ram
31:57 Heavy Plow
34:17 Squires
35:28 Elite Skirmisher
36:27 Arson
38:19 Blast Furnace
37:50 Fletching
38:01 Padded Archer Armor
38:30 Ballistics
39:14 Chemistry
39:19 Gold Mining
39:48 Bodkin Arrow
40:52 Thumb Ring
41:26 Guilds
42:23 Bracer
42:39 Leather Archer Armor
41:52 Pikeman
43:35 Conscription
42:52 Halberdier
44:52 Man-at-Arms
46:48 Ring Archer Armor
46:44 Long Swordsman
王德发
10:06 Feudal Age
13:49 Castle Age
11:57 Double-Bit Axe
14:38 Fletching
16:31 Bodkin Arrow
22:45 Horse Collar
25:38 Loom
26:50 Fortified Wall
26:51 Masonry
26:36 Crossbowman
27:20 Padded Archer Armor
27:12 Town Watch
27:57 Masonry
28:36 Wheelbarrow
30:33 Ballistics
33:34 Imperial Age
32:50 Leather Archer Armor
33:07 Guard Tower
33:43 Treadmill Crane
34:37 Bracer
35:13 Fervor
36:09 Sanctity
38:17 Block Printing
38:39 Stone Mining
38:39 Gold Mining
40:53 Devotion
41:19 Illumination
41:29 Theocracy
40:37 Arbalester
41:36 Hand Cart
42:22 Chemistry
42:34 Gold Shaft Mining
44:06 Arrowslits
44:57 Keep
44:52 Herbal Medicine
44:54 Elite Skirmisher
47:39 Yeomen
金戈铁鸡
11:13 Feudal Age
12:20 Double-Bit Axe
14:57 Castle Age
13:12 Horse Collar
16:00 Bow Saw
17:21 Loom
26:04 Scale Mail Armor
28:16 Wheelbarrow
31:58 Imperial Age
32:47 Fletching
32:51 Elite Skirmisher
33:28 Bodkin Arrow
34:09 Bracer
34:12 Padded Archer Armor
35:13 Leather Archer Armor
35:59 Chemistry
36:47 Hand Cart
37:15 Ring Archer Armor
37:06 Ballistics
38:51 Thumb Ring
40:10 Cranequins
41:53 Ring Archer Armor
unhappy
10:33 Feudal Age
11:05 Double-Bit Axe
14:14 Castle Age
12:36 Horse Collar
15:25 Bow Saw
21:45 Wheelbarrow
21:57 Heavy Plow
24:23 Gold Mining
27:49 Imperial Age
26:07 Hand Cart
25:46 Fletching
26:29 Ballistics
26:23 Bodkin Arrow
26:42 Bloodlines
26:32 Husbandry
28:00 Padded Archer Armor
28:31 Bracer
29:32 Chemistry
28:56 Thumb Ring
29:25 Conscription
30:01 Parthian Tactics
29:55 Leather Archer Armor
30:34 Recurve Bow
30:23 Elite Skirmisher
32:10 Ring Archer Armor
31:05 Heavy Cavalry Archer
33:28 Scale Barding Armor
33:23 Scale Mail Armor
33:28 Scale Barding Armor
34:29 Corvinian Army
33:50 Elite Magyar Huszar
35:26 Chain Barding Armor
35:07 Loom
36:42 Plate Barding Armor
44:11 Light Cavalry
45:01 Masonry
44:35 Treadmill Crane
金戈铁鸡炸鱼号
0:30 Loom
10:49 Feudal Age
14:43 Castle Age
13:46 Double-Bit Axe
14:37 Fletching
22:27 Wheelbarrow
23:01 Bodkin Arrow
28:38 Imperial Age
26:30 Crossbowman
28:21 Elite Skirmisher
29:17 Thumb Ring
31:01 Ballistics
30:17 Elite Skirmisher
31:41 Padded Archer Armor
32:09 Bracer
马虎
11:29 Feudal Age
14:10 Castle Age
11:59 Double-Bit Axe
12:14 Horse Collar
22:33 Wheelbarrow
26:12 Bow Saw
28:41 Imperial Age
26:50 Loom
26:59 Gold Mining
27:18 Scale Barding Armor
27:25 Forging
27:41 Husbandry
27:51 Bloodlines
28:37 Chain Barding Armor
28:52 Heavy Plow
30:33 Plate Barding Armor
30:14 Tusk Swords
30:52 Iron Casting
32:52 Elite Battle Elephant
35:15 Blast Furnace
36:26 Heavy Scorpion
38:39 Light Cavalry
41:38 Chemistry
40:25 Hussar
42:40 Fletching
Connection lost

Rejoining the realm…

Still unreachable

The connection could not be restored.

Session expired

The server has moved on; the page needs a fresh start.